 Dungeon Crawl Stone Soup version 0.21.1-1-g345015f (webtiles) character file.

10862 MuriloBR the Cleaver (level 11, -2/100 HPs)
             Began as a Deep Dwarf Berserker on May 20, 2018.
             Was a High Priest of Trog.
             Succumbed to a black mamba's poison
             ... on level 3 of the Lair of Beasts.
             The game lasted 00:43:40 (9100 turns).

MuriloBR the Cleaver (Deep Dwarf Berserker)         Turns: 9100, Time: 00:43:41

Health: -2/100     AC: 16    Str: 29    XL:     11   Next: 41%
Magic:  6/6        EV:  8    Int:  3    God:    Trog [*****.]
Gold:   454        SH: 12    Dex: 13    Spells: 10/10 levels left

rFire    + . .     SeeInvis .   n - +3 hand axe
rCold    . . .     Gourm    .   C - +0 shield
rNeg     . . .     Faith    .   B - +0 plate armour
rPois    .         Spirit   .   D - +1 hat
rElec    .         Reflect  .   (no cloak)
rCorr    .         Harm     .   (no gloves)
MR       +....                  G - +0 pair of boots of the Soldier {+Inv Regen+ Str+3 Int-5}
Stlth    ..........             m - amulet of rage
HPRegen  0.00/turn              w - +3 ring of strength
MPRegen  0.10/turn              q - ring of protection from fire

@: lethally poisoned (-2 -> -27), non-regenerating
A: damage resistance, heal wounds, sense surroundings 2, no regeneration
a: Heal Wounds, Berserk, Trog's Hand, Brothers in Arms, Burn Spellbooks,
Renounce Religion, Evoke Berserk Rage, Evoke Invisibility


You were on level 3 of the Lair of Beasts.
You worshipped Trog.
Trog was extremely pleased with you.
You were near starving.

You visited 2 branches of the dungeon, and saw 12 of its levels.

You collected 594 gold pieces.
You spent 140 gold pieces at shops.

Inventory:

Hand Weapons
 n - a +3 hand axe (weapon)
 J - a +3 morningstar
Missiles
 g - 5 tomahawks (quivered)
Armour
 B - a +0 plate armour (worn)
 C - a +0 shield (worn)
 D - a +1 hat (worn)
 G - the +0 pair of boots of the Soldier (worn) {+Inv Regen+ Str+3 Int-5}
   (You found it on level 8 of the Dungeon)

   It affects your strength (+3).
   It affects your intelligence (-5).
   It lets you turn invisible.
   It increases your rate of regeneration.
 N - a +0 shield
Magical Staves
 r - an uncursed staff of conjuration
 L - an uncursed staff of summoning
Jewellery
 d - an uncursed ring of stealth
 m - an amulet of rage (around neck)
 q - a ring of protection from fire (right hand)
 w - a +3 ring of strength (left hand)
 z - an uncursed ring of resist corrosion
 H - a +6 ring of intelligence
 K - a cursed ring of protection from cold {unknown}
Wands
 a - a wand of digging (18)
 t - a wand of iceblast (5)
 v - a wand of acid (13)
 x - a wand of random effects (35)
 I - a wand of polymorph (12)
Scrolls
 b - 8 scrolls of identify
 j - 5 scrolls of remove curse
 l - 2 scrolls of fear
 s - 3 scrolls of immolation {unknown}
 y - 4 scrolls of teleportation {unknown}
 A - a scroll of enchant armour {unknown}
 E - a scroll of blinking {unknown}
 P - a scroll of random uselessness
Potions
 e - 2 potions of lignification
 h - a potion of might
 i - 2 potions of curing
 k - a potion of mutation {unknown}
 o - a potion of haste
 p - a potion of brilliance
 F - a potion of agility
 O - a potion of cancellation
Miscellaneous
 M - a phantom mirror
Comestibles
 c - 14 rations
 f - 6 chunks of flesh


   Skills:
 + Level 7.5 Fighting
 + Level 12.4 Axes
 + Level 2.5 Throwing
 + Level 9.9 Armour
 + Level 3.8 Dodging
 + Level 0.5 Stealth
 + Level 7.7 Shields


You had 10 spell levels left.
You didn't know any spells.

Dungeon Overview and Level Annotations

Branches:
Dungeon (9/15)             Temple (0/1) D:5            Lair (3/6) D:9
  Snake (0/4) Lair:3
  Swamp: Lair:2-4    Shoals: Lair:2-4       Orc: D:9-12

Altars:
Ashenzari
Elyvilon
Kikubaaqudgha
Qazlal
Xom
Yredelemnul
Zin

Shops:
D:5 !   D:6 [

Annotations:
D:8 Maurice


Innate Abilities, Weirdness & Mutations

You are resistant to damage.
You can heal yourself by infusing magical energy.
You passively map the area around you.
You do not regenerate.


Message History

You hear an angry hiss. x2
You block the water moccasin's attack.
You hit the water moccasin.
The water moccasin is severely wounded.
* * * LOW HITPOINT WARNING * * *
You feel very sick. You block the water moccasin's attack.
Something bites the plant but does no damage.
You slash the water moccasin!
You kill the water moccasin!
Trog accepts your kill. Something appears at your feet!
Trog grants you a weapon!
* * * LOW HITPOINT WARNING * * *
You feel very sick.
An adder comes into view.
Unknown command.
* * * LOW HITPOINT WARNING * * *
You feel very sick.
You die...

, .#### * ,
* , , .....
,, , , ,, *
* .... , , *
,,##..,###,,
, ** , * * ,
#..P##.###
** *
*#....<)P# ,
, , ,
#.......#,
,, ,, ,, **
*###.†.#.# ,
* , *
#.@..## ** *
* #....# * *
* * , ##).##
, , * *
#††.#, ,, ,
,, * *
#.......#* ,
, ,
#...#..P##
,, , ,,
..SP###### ,
, , * *
**#...., ,,,
, ##..> , ,
* * * *


You could see an adder.

Vanquished Creatures
  A two-headed ogre (D:9)
  Joseph (D:7)
  4 black mambas
  Psyche (D:8)
  2 spiny frogs
  A rime drake (Lair:2)
  6 komodo dragons (Lair:2)
  3 blink frogs (Lair:2)
  A hippogriff (Lair:2)
  A yak (D:9)
  A hungry ghost (D:8)
  Grum (D:8)
  A basilisk (Lair:1)
  11 water moccasins
  Duvessa (D:7)
  6 porcupines
  An orc warrior (D:9)
  2 ice beasts (D:8)
  A black bear (D:8)
  2 sky beasts
  An eye of draining (D:8)
  The ghost of frimble the Chopper, an amateur HOFi (D:3)
  2 wolves (D:8)
  2 centaurs
  4 crocodiles
  3 bullfrogs
  A wyvern zombie (D:6)
  3 scorpions
  Dowan (D:7)
  4 wights (D:8)
  A jelly (D:5)
  3 orc priests
  A bullfrog skeleton (D:6)
  A gnoll shaman (D:4)
  2 hounds
  2 orc wizards
  A centaur skeleton (D:5)
  Jessica (D:3)
  Terence (D:3)
  4 worker ants
  An iguana (D:5)
  A hound zombie (D:8)
  2 hound skeletons (D:5)
  2 worker ant zombies
  11 gnolls
  7 adders
  3 shadow imps
  An ooze (D:1)
  2 adder skeletons
  4 worms
  2 dart slugs
  5 leopard geckos
  15 orcs
  4 ball pythons
  A bat zombie (D:5)
  7 giant cockroaches
  11 goblins
  13 hobgoblins
  11 jackals
  13 kobolds
  7 quokkas
  7 bats
  8 frilled lizards
  A quokka zombie (D:7)
  7 rats
  2 rat zombies (D:5)
  2 fungi
  5 plants
242 creatures vanquished.

Vanquished Creatures (others)
  A plant (Lair:2)
1 creature vanquished.

Grand Total: 243 creatures vanquished

Notes
Turn   | Place    | Note
-------+----------+-------------------------------------------
     0 | D:1      | MuriloBR the Deep Dwarf Berserker began the quest for the Orb.
     0 | D:1      | Reached XP level 1. HP: 20/20 MP: 1/1
     2 | D:1      | Noticed a minotaur zombie
    19 | D:1      | Noticed a minotaur zombie
    21 | D:1      | Noticed a merfolk zombie
    55 | D:1      | Reached XP level 2. HP: 21/27 MP: 2/2
   658 | D:1      | Reached XP level 3. HP: 17/34 MP: 3/3
  1069 | D:2      | Reached ** piety under Trog
  1085 | D:2      | Reached skill level 4 in Axes
  1256 | D:2      | Reached XP level 4. HP: 22/42 MP: 4/4
  1762 | D:3      | Reached XP level 5. HP: 31/50 MP: 5/5
  1861 | D:3      | Reached *** piety under Trog
  1968 | D:3      | Noticed frimble's ghost (amateur HOFi)
  1981 | D:3      | Killed frimble's ghost
  1981 | D:3      | Reached skill level 5 in Axes
  2042 | D:3      | Reached XP level 6. HP: 49/57 MP: 6/6
  2196 | D:3      | Noticed Jessica
  2196 | D:3      | Noticed Terence
  2204 | D:3      | Killed Jessica
  2206 | D:3      | Killed Terence
  2721 | D:4      | Reached skill level 6 in Axes
  3068 | D:4      | Reached XP level 7. HP: 28/66 MP: 7/7
  3159 | D:5      | Entered Level 5 of the Dungeon
  3233 | D:5      | Found Ecraeco's Distillery.
  3236 | D:5      | Bought a potion of heal wounds for 70 gold pieces
  3236 | D:5      | Bought a potion of heal wounds for 70 gold pieces
  3289 | D:5      | Reached **** piety under Trog
  3345 | D:5      | Reached skill level 7 in Axes
  3618 | D:5      | Found a staircase to the Ecumenical Temple.
  3779 | D:5      | Reached skill level 5 in Armour
  3786 | D:5      | Found an ancient bone altar of Kikubaaqudgha.
  4099 | D:6      | Reached skill level 1 in Shields
  4099 | D:6      | Reached XP level 8. HP: 32/73 MP: 8/8
  4244 | D:6      | Found a glowing silver altar of Zin.
  4313 | D:6      | Found Jiclall's Armour Shop.
  4661 | D:6      | Found a shattered altar of Ashenzari.
  5009 | D:7      | Noticed Dowan
  5012 | D:7      | Noticed Duvessa
  5015 | D:7      | Killed Dowan
  5015 | D:7      | Reached skill level 8 in Axes
  5021 | D:7      | Killed Duvessa
  5021 | D:7      | Reached skill level 5 in Fighting
  5441 | D:7      | Noticed Joseph
  5467 | D:7      | Killed Joseph
  5467 | D:7      | Reached skill level 9 in Axes
  5513 | D:7      | Found a stormy altar of Qazlal.
  5515 | D:7      | Found a basalt altar of Yredelemnul.
  5515 | D:7      | Found a shimmering altar of Xom.
  5744 | D:7      | Found a white marble altar of Elyvilon.
  5998 | D:8      | Got a pair of smoking boots
  6004 | D:8      | Identified the +0 pair of boots of the Soldier {+Inv Regen+ Str+3 Int-5} (You found it on level 8 of the Dungeon)
  6094 | D:8      | Gained mutation: You passively map the area around you. [Deep Dwarf growth]
  6094 | D:8      | Reached XP level 9. HP: 81/81 MP: 8/8
  6364 | D:8      | Noticed Psyche
  6372 | D:8      | Killed Psyche
  6552 | D:8      | Received a gift from Trog
  6772 | D:8      | Reached skill level 10 in Axes
  6783 | D:8      | Noticed Maurice
  7321 | D:8      | Noticed Grum
  7332 | D:8      | Killed Grum
  7383 | D:9      | Noticed a two-headed ogre
  7391 | D:9      | Killed a two-headed ogre
  7391 | D:9      | Reached skill level 5 in Shields
  7391 | D:9      | Reached XP level 10. HP: 66/92 MP: 9/9
  7398 | D:9      | Reached ***** piety under Trog
  7510 | D:9      | Found a staircase to the Lair.
  7521 | D:9      | Reached skill level 11 in Axes
  7521 | D:9      | Reached skill level 1 in Throwing
  7529 | Lair:1   | Entered Level 1 of the Lair of Beasts
  7652 | Lair:1   | Noticed a spiny frog
  7666 | Lair:1   | Killed a spiny frog
  7811 | Lair:1   | Noticed a black mamba
  7820 | Lair:1   | Killed a black mamba
  8670 | Lair:2   | Noticed a spiny frog
  8680 | Lair:2   | Killed a spiny frog
  8680 | Lair:2   | Reached XP level 11. HP: 83/100 MP: 7/7
  8799 | Lair:2   | Reached skill level 12 in Axes
  9054 | Lair:3   | Found a staircase to the Snake Pit.
  9098 | Lair:3   | Received a gift from Trog
  9098 | Lair:3   | HP: 4/100 [poisoned by a black mamba]
  9099 | Lair:3   | HP: 1/100 [poisoned by a black mamba]
  9100 | Lair:3   | Succumbed to a black mamba's poison

Skill      XL: |  1  2  3  4  5  6  7  8  9 10 11 |
---------------+----------------------------------+-----
Fighting       | 3 4 5 6 7 |  7.5
Armour         | 3 4 5 6 7 9 |  9.9
Axes           | 4 5 6 7 9 10 11 12 | 12.4
Dodging        | 3 |  3.8
Shields        | 1 3 5 6 7 |  7.7
Throwing       | 1 2 |  2.5
Stealth        | |  0.5

Action                   |  1- 3 |  4- 6 |  7- 9 | 10-12 || total
-------------------------+-------+-------+-------+-------++-------
Melee: Hand axe          |   168 |   256 |   401 |   313 ||  1138
Throw: Tomahawk          |       |     3 |     4 |    21 ||    28
Invok: Berserk           |       |     6 |    15 |     9 ||    30
       Burn Spellbooks   |       |       |     2 |     1 ||     3
 Abil: Heal Wounds       |     1 |     2 |     6 |    12 ||    21
Evoke: Wand              |       |       |       |     2 ||     2
  Use: Potion            |     1 |       |     8 |     3 ||    12
       Scroll            |       |       |     8 |     5 ||    13
  Eat: Chunk             |     1 |     7 |    12 |     9 ||    29
       Ration            |       |     1 |     6 |     1 ||     8
Armor: Animal skin       |     2 |       |       |       ||     2
       Chain mail        |    96 |   138 |       |       ||   234
       Ring mail         |     3 |       |       |       ||     3
       Plate armour      |       |       |   156 |    74 ||   230
       Skin              |       |       |    18 |       ||    18
Dodge: Dodged            |    82 |   126 |    93 |    52 ||   353
Block: Shield            |       |       |   136 |   120 ||   256
